 Dungeon Crawl Stone Soup version 0.31-a0-1300-gb6740aa4e6 (webtiles) character file.

Game seed: 3446466091931007462

18823 pokeman the Eclecticist (level 12, -8/67 HPs)
             Began as a Deep Elf Hedge Wizard on Dec 19, 2023.
             Was a Believer of Vehumet.
             Shot with an arrow by a centaur warrior (21 damage)
             ... on level 13 of the Dungeon.
             The game lasted 00:35:33 (13649 turns).

pokeman the Eclecticist (Deep Elf Hedge Wizard)    Turns: 13649, Time: 00:35:34

Health: -8/67      AC:  8    Str: 14    XL:     12   Next: 31%
Magic:  24/35      EV: 18    Int: 25    God:    Vehumet [**....]
Gold:   765        SH:  0    Dex: 18    Spells: 18/46 levels left

rFire   . . .        I - +8 sling of Superiority {flame, rPois Will+ Dex+4}
rCold   . . .        (no shield)
rNeg    . . .        v - +2 leather armour of the Barracuda {rElec Str+7}
rPois   +            c - +0 hat
rElec   +            t - +0 cloak
rCorr   .            L - +0 pair of gloves
SInv    +            (no boots)
Will    ++...        j - amulet of magic regeneration
Stlth   ++           B - +5 ring of evasion
HPRegen 0.31/turn    M - ring of see invisible
MPRegen 0.64/turn

%: no passive effects
@: studying Evocations
A: no striking features
a: Renounce Religion


You were on level 13 of the Dungeon.
You worshipped Vehumet.
Vehumet was pleased with you.
You visited 2 branches of the dungeon, and saw 14 of its levels.

You collected 1639 gold pieces.
You spent 874 gold pieces at shops.

Inventory:

Hand Weapons
 I - the +8 sling of Superiority (weapon) {flame, rPois Will+ Dex+4}
   (You found it on level 7 of the Dungeon)

   Dex+4:     It affects your dexterity (+4).
   rPois:     It protects you from poison Will+: It increases your willpower.
 O - the +7 spear of Saanweos {freeze, *Rage rC++}
   (You found it on level 10 of the Dungeon)

   rC++:      It greatly protects you from cold.
   *Rage:     It berserks you when you make melee attacks (+20% chance).
Missiles
 k - 5 curare-tipped darts
 E - 2 throwing nets
Armour
 c - a +0 hat (worn)
 g - +0 acid dragon scales
 t - a +0 cloak (worn)
 v - the +2 leather armour of the Barracuda (worn) {rElec Str+7}
   (You took it off a kobold on level 3 of the Dungeon)

   Str+7:     It affects your strength (+7).
   rElec:     It insulates you from electricity.
 L - a +0 pair of gloves (worn)
Magical Staves
 m - a staff of earth
 P - a staff of fire
Jewellery
 j - an amulet of magic regeneration (around neck)
 B - a +5 ring of evasion (left hand)
 M - a ring of see invisible (right hand)
Wands
 h - a wand of flame (33)
 w - a wand of paralysis (14)
 D - a wand of quicksilver (16)
 F - a wand of digging (4)
Scrolls
 a - a scroll of fog
 e - a scroll of amnesia
 i - 4 scrolls of teleportation
 l - 3 scrolls of enchant weapon
 u - 2 scrolls of blinking
 N - 4 scrolls of revelation
Potions
 b - a potion of might
 d - 3 potions of magic
 f - a potion of attraction
 o - 11 potions of curing
 p - a potion of haste
 z - a potion of heal wounds {unknown}
 G - 2 potions of degeneration {unknown}


   Skills:
 + Level 4.5 Fighting
 - Level 6.0 Armour
 - Level 3.0 Dodging
 - Level 3.0 Stealth
 * Level 17.5 Spellcasting
 + Level 10.4 Conjurations
 - Level 1.1 Summonings
 - Level 1.3 Necromancy
 - Level 1.1 Translocations
 - Level 1.0 Transmutations
 + Level 5.2 Fire Magic
 - Level 2.1 Air Magic
 - Level 5.0 Earth Magic
 - Level 2.4 Poison Magic
 - Level 1.1 Evocations


You had 18 spell levels left.
You knew the following spells:

 Your Spells              Type           Power      Damage    Failure   Level
a - Magic Dart            Conj           100%       1d8       1%          1
b - Mephitic Cloud        Conj/Pois/Air  47%        N/A       1%          3
c - Call Imp              Summ           54%        N/A       2%          2
d - Blink                 Tloc           54%        N/A       2%          2
e - Foxfire               Conj/Fire      100%       2x1d9     1%          1
f - Fireball              Conj/Fire      28%        3d12      3%          5
g - Stone Arrow           Conj/Erth      100%       3d13      1%          3
h - Irradiate             Conj/Tmut      25%        3d20      8%          5
i - Starburst             Conj/Fire      28%        6d9       17%         6

Your spell library contained the following spells:

 Spells                   Type           Power      Damage    Failure   Level
 Dazzling Flash           Conj/Hex       96%        N/A       1%          3
 Sandblast                Erth           94%        2d19      1%          1
 Cigotuvi's Dreadful Rot  Necr/Pois/Air  62%        N/A       1%          2
 Passwall                 Tmut/Erth      30%        N/A       1%          2
 Brom's Barrelling Bould  Conj/Erth      57%        2d7       1%          4
 Slow                     Hex            84%        N/A       2%          1
 Wereblood                Tmut           27%        N/A       2%          2
 Ensorcelled Hibernation  Hex/Ice        42%        N/A       4%          2
 Jinxbite                 Hex            42%        N/A       4%          2
 Anguish                  Hex/Necr       12%        N/A       22%         4
 Cause Fear               Hex            10%        N/A       28%         4
 Plasma Beam              Fire/Air       20%        2x1d32    67%         6
 Dragon's Call            Summ           13%        N/A       100%        9


Dungeon Overview and Level Annotations

Branches:
Dungeon (13/15)            Temple (1/1) D:5            Lair (0/5) D:9
    Orc (0/2) D:10
 Vaults: D:13-14

Altars:
Ashenzari
Cheibriados
Dithmenos
Elyvilon
Fedhas
Gozag
Hepliaklqana
Kikubaaqudgha
Makhleb
Nemelex Xobeh
Okawaru
Qazlal
Ru
Sif Muna
Trog
Uskayaw
Vehumet
Wu Jian
Xom
Yredelemnul
Zin
The Shining One

Shops:
D:2 *   D:3 =   D:5 (   D:7 :   D:11 !

Annotations:
D:4 2 transporters, knightboat's ghost, novice BaHs
D:6 2 transporters, RandomusNamus's ghost, novice FoFi


Message History

The skeletal warrior is severely damaged.
The bolt of fire hits the centaur warrior zombie!!
The centaur warrior zombie is heavily damaged.
The bolt of fire hits the skeletal warrior!!
You destroy the skeletal warrior!
Vehumet accepts your kill.
You feel your power returning.
The skeletal warrior hits you with a +0 dire flail!
Unknown command.
Unknown command.
Casting: Starburst (quite dangerous; 19% risk of failure)
Confirm with . or Enter, or press ? or * to list all spells.
Casting: Starburst (quite dangerous; 19% risk of failure)
Press: ? - help, Dir - look around, f - activate The bolt of fire hits the skeletal warrior!!!
You destroy the skeletal warrior!
Vehumet accepts your kill.
You feel your power returning.
The bolt of fire hits the centaur warrior zombie!!!
You destroy the centaur warrior zombie!
Vehumet accepts your kill.
Vehumet offers you knowledge of Dazzling Flash.
The bolt of fire hits the skeletal warrior!!
The skeletal warrior is almost destroyed.
Your Fire Magic skill increases to level 5!
Unknown command.
Casting: Starburst (quite dangerous; 19% risk of failure)
Confirm with . or Enter, or press ? or * to list all spells.
Casting: Starburst (quite dangerous; 19% risk of failure)
Press: ? - help, Dir - look around, f - activate The bolt of fire hits the skeletal warrior!
You destroy the skeletal warrior!
Vehumet accepts your kill.
Unknown command.
You see here a +0 spear.
The centaur warrior wields a +0 orcbow.
The centaur warrior shoots an arrow.
The arrow hits you!!
* * * LOW HITPOINT WARNING * * *
The centaur warrior shoots an arrow.
The arrow hits you!!
You die...

####..# ####..#
..##..#######
#...........######
####.....##......#
..........######.#
#####....## #.#
<.....#.## #.#
#######.# #@# #.#
#.# #+# #.# #.#
#.## #.c##
####...####
+......)..#
####...##c#


You could see a centaur warrior.

Vanquished Creatures
  Snorg (D:10)
  4 two-headed ogres
  Sonja (D:12)
  Lodul (D:10)
  3 skeletal warriors (D:13)
  Pikel (D:7)
  A deep elf pyromancer (D:12)
  An ugly thing (D:11)
  A manticore (D:11)
  A cyclops (D:11)
  A centaur zombie (D:13)
  2 kobold demonologists (D:12)
  2 unseen horrors (D:11)
  A troll (D:10)
  2 hornets
  2 shadows
  4 slime creatures (D:12)
  A wraith (D:12)
  2 wyverns
  6 yaks (D:11)
  A steam dragon (D:6)
  4 vampire mosquitoes (D:12)
  2 acid dragons
  2 water moccasins
  Duvessa (D:7)
  6 orc warriors
  2 sky beasts
  2 black bears
  7 ogres
  A lemure (D:7)
  13 centaurs
  4 kobold brigands
  3 bullfrogs
  3 scorpions
  3 wights
  Dowan (D:7)
  9 killer bees
  4 howler monkeys
  A gnoll bouda (D:10)
  4 hounds
  6 orc priests
  2 jellies
  Ijyb (D:5)
  A sleepcap (D:5)
  4 iguanas
  16 orc wizards
  22 gnolls
  9 adders
  2 shadow imps
  A white imp (D:5)
  3 worms
  3 dart slugs
  55 orcs
  6 endoplasms
  3 giant cockroaches
  6 goblins
  6 hobgoblins
  4 jackals (D:1)
  34 kobolds
  4 quokkas
  7 ball pythons
  4 bats
  3 frilled lizards
  3 rats
316 creatures vanquished.

Vanquished Creatures (collateral kills)
  Joseph (D:7)
  A killer bee (D:8)
2 creatures vanquished.

Vanquished Creatures (others)
  A killer bee (D:7)
  10 foxfires (D:12)
11 creatures vanquished.

Grand Total: 329 creatures vanquished

Notes
Turn   | Place    | Note
-------+----------+-------------------------------------------
     0 | D:1      | pokeman the Deep Elf Hedge Wizard began the quest for the
                  | Orb.
     0 | D:1      | Reached XP level 1. HP: 10/10 MP: 7/7
   377 | D:1      | Reached XP level 2. HP: 14/16 MP: 3/9
  1219 | D:2      | Reached skill level 5 in Spellcasting
  1219 | D:2      | Reached XP level 3. HP: 20/20 MP: 6/11
  1223 | D:2      | Learned a level 3 spell: Mephitic Cloud
  1226 | D:2      | Learned a level 2 spell: Call Imp
  1229 | D:2      | Learned a level 2 spell: Blink
  1442 | D:2      | Found Kouph's General Store.
  1653 | D:2      | Found a faded altar of an unknown god.
  1693 | D:2      | Reached skill level 1 in Fighting
  1693 | D:2      | Reached skill level 1 in Armour
  1715 | D:2      | Reached XP level 4. HP: 25/25 MP: 11/13
  2406 | D:3      | Reached skill level 6 in Spellcasting
  2406 | D:3      | Reached XP level 5. HP: 12/29 MP: 9/15
  2565 | D:3      | Reached skill level 1 in Air Magic
  2565 | D:3      | Reached skill level 1 in Poison Magic
  2575 | D:3      | Reached XP level 6. HP: 4/34 MP: 12/17
  2686 | D:3      | Reached skill level 7 in Spellcasting
  2809 | D:3      | Found a glowing golden altar of the Shining One.
  2821 | D:3      | You fall into a shaft and drop 3 floors!
  2872 | D:5      | Entered Level 5 of the Dungeon
  2877 | D:5      | Noticed a wyvern
  2891 | D:5      | Killed a wyvern
  2892 | D:5      | Reached XP level 7. HP: 35/38 MP: 20/20
  2896 | D:5      | Noticed a shadow
  3010 | D:3      | Found Otebozxi's Jewellery Emporium.
  3278 | D:3      | Identified the +2 leather armour of the Barracuda {rElec
                  | Str+7}
  3320 | D:3      | Found a shadowy altar of Dithmenos.
  3504 | D:3      | Learned a level 5 spell: Irradiate
  3915 | D:4      | Noticed knightboat's ghost (novice BaHs)
  3916 | D:4      | Found a transporter.
  3942 | D:4      | Found a transporter.
  3972 | D:4      | Reached skill level 8 in Spellcasting
  4398 | D:5      | Reached skill level 1 in Transmutations
  4398 | D:5      | Reached skill level 1 in Evocations
  4500 | D:5      | Found a staircase to the Ecumenical Temple.
  4507 | Temple   | Entered the Ecumenical Temple
  4616 | D:5      | Noticed Ijyb
  4657 | D:4      | Reached XP level 8. HP: 44/44 MP: 19/22
  4686 | D:5      | Reached skill level 9 in Spellcasting
  4923 | D:5      | Killed Ijyb
  5004 | D:5      | Reached skill level 1 in Necromancy
  5081 | D:5      | Reached skill level 5 in Conjurations
  5379 | D:5      | Found Obug's Weapon Boutique.
  5677 | D:6      | Reached skill level 10 in Spellcasting
  5802 | D:6      | Noticed RandomusNamus's ghost (novice FoFi)
  5803 | D:6      | Noticed a boulder beetle
  6005 | D:6      | Found a transporter.
  6023 | D:6      | Reached skill level 11 in Spellcasting
  6035 | D:6      | Reached XP level 9. HP: 40/48 MP: 26/26
  6123 | D:6      | Found a transporter.
  6460 | D:7      | Noticed Duvessa
  6462 | D:7      | Noticed Dowan
  6477 | D:7      | Killed Dowan
  6485 | D:7      | Killed Duvessa
  6509 | D:7      | Found a bloodstained altar of Trog.
  6891 | D:7      | Noticed Pikel
  6892 | D:7      | Noticed Joseph
  6905 | D:7      | Killed Pikel
  6906 | D:7      | Reached skill level 12 in Spellcasting
  6919 | D:7      | Killed Joseph
  7315 | D:7      | Found a burning altar of Makhleb.
  7382 | D:7      | Found Nejemn's Book Boutique.
  7385 | D:7      | Bought a book of Geomancy for 392 gold pieces
  7389 | D:7      | Learned a level 3 spell: Stone Arrow
  7486 | D:7      | Reached skill level 13 in Spellcasting
  7509 | D:7      | Identified the +8 sling of Superiority {flame, rPois Will+
                  | Dex+4}
  7676 | D:8      | Reached skill level 1 in Earth Magic
  7786 | D:8      | Reached XP level 10. HP: 33/56 MP: 17/29
  9305 | D:9      | Found a radiant altar of Vehumet.
  9318 | D:9      | Became a worshipper of Vehumet
  9333 | D:9      | Found a staircase to the Lair.
  9377 | D:9      | Reached skill level 14 in Spellcasting
  9525 | D:9      | Found a sparkling altar of Nemelex Xobeh.
  9736 | D:9      | Noticed a two-headed ogre
  9740 | D:9      | Killed a two-headed ogre
  9929 | D:10     | Entered Level 10 of the Dungeon
  9938 | D:10     | Noticed Lodul
  9950 | D:10     | Killed Lodul
 10076 | D:10     | Reached * piety under Vehumet
 10076 | D:10     | Offered knowledge of Shock by Vehumet.
 10078 | D:10     | Reached skill level 15 in Spellcasting
 10079 | D:10     | Reached XP level 11. HP: 36/61 MP: 19/32
 10168 | D:10     | Found a staircase to the Orcish Mines.
 10233 | D:10     | Identified the +7 spear of Saanweos {freeze, *Rage rC++}
 10244 | D:10     | Found a hazy altar of Hepliaklqana.
 10264 | D:10     | Found a glowing silver altar of Zin.
 10406 | D:10     | Noticed a two-headed ogre
 10413 | D:10     | Killed a two-headed ogre
 10518 | D:10     | Noticed Snorg
 10527 | D:10     | Killed Snorg
 10528 | D:10     | Reached skill level 1 in Fire Magic
 10528 | D:10     | Reached skill level 5 in Earth Magic
 11034 | D:2      | Bought a potion of curing for 36 gold pieces
 11034 | D:2      | Bought a scroll of blinking for 90 gold pieces
 11034 | D:2      | Bought a scroll of teleportation for 36 gold pieces
 11040 | D:2      | Identified 2 scrolls of acquirement
 11053 | D:2      | Acquired a book of the Dragon
 11055 | D:2      | Acquired 719 gold pieces
 11063 | D:2      | Learned a level 5 spell: Fireball
 11286 | D:11     | Found Vuacric's Distillery.
 11291 | D:11     | Reached skill level 5 in Armour
 11531 | D:11     | Offered knowledge of Poisonous Vapours by Vehumet.
 11541 | D:11     | Reached ** piety under Vehumet
 11575 | D:11     | Bought a potion of magic for 128 gold pieces
 11575 | D:11     | Bought a potion of curing for 48 gold pieces
 11575 | D:11     | Bought a potion of curing for 48 gold pieces
 11575 | D:11     | Bought a potion of curing for 48 gold pieces
 11575 | D:11     | Bought a potion of curing for 48 gold pieces
 11768 | D:11     | Noticed a green ugly thing
 11774 | D:11     | Killed a green ugly thing
 11775 | D:11     | Reached skill level 16 in Spellcasting
 12326 | D:12     | Learned a level 1 spell: Foxfire
 12333 | D:12     | Learned a level 6 spell: Starburst
 12382 | D:12     | Noticed a two-headed ogre
 12398 | D:12     | Killed a two-headed ogre
 12629 | D:12     | Noticed a deep elf pyromancer
 12632 | D:12     | Killed a deep elf pyromancer
 12633 | D:12     | Reached skill level 10 in Conjurations
 12717 | D:12     | Noticed Sonja
 12719 | D:12     | Killed Sonja
 12720 | D:12     | Reached XP level 12. HP: 57/66 MP: 24/34
 12769 | D:12     | Noticed a two-headed ogre
 12773 | D:12     | Killed a two-headed ogre
 12774 | D:12     | Reached skill level 17 in Spellcasting
 13618 | D:13     | Noticed a centaur warrior
 13631 | D:13     | Offered knowledge of Dazzling Flash by Vehumet.
 13632 | D:13     | Reached skill level 5 in Fire Magic
 13649 | D:13     | Shot with an arrow by a centaur warrior

Illustrated notes

Levels and vault maps discovered:
D:1:      dpeg_arrival_round_b, layout_rooms, chequers_garden
D:2:      layout_loops_corners, dreamdust_ecumenical_altar_grove, serial_shops,
          nicolae_shop_just_a_little_nook, kennysheep_generic_room_13
D:3:      layout_loops_ring, tso_metal_star,
          mainiacjoe_overflow_concentric_impassable, serial_shops,
          shop_fountains, minmay_misc_feat_x, minmay_misc_feat_room,
          minmay_divided_ellipse
D:4:      layout_loops_ring, gammafunk_ghost_arena
D:5:      layout_basic, minmay_temple_entry_proselytizer, serial_shops,
          nicolae_shop_crystal, chequers_serial_rivers_large_a,
          minmay_manual_macuahuitl, uniq_ijyb
D:6:      layout_loops_cross, gammafunk_ghost_arena
D:7:      layout_basic, mainiacjoe_overflow_catch_the_wave, serial_shops,
          kennysheep_mini_moat, uniq_pikel, uniq_duvessa, uniq_joseph
D:8:      layout_layer_cave
D:9:      layout_roguey, vehumet_crystals, nicolae_overflow_crystal_walls,
          dpeg_oklobed_lair, minmay_misc_feat_iff, minmay_misc_feat_ornament
D:10:     layout_long_grid, mainiacjoe_overflow_big_doors, david_orc_4,
          uniq_lodul, uniq_snorg
D:11:     layout_loops_ring, serial_shops, nicolae_stop_n_shop_2,
          lightli_minifort
D:12:     layout_grid_maze, uniq_sonja
D:13:     layout_loops_corners, serial_shops, kennysheep_little_box,
          serial_undead, serial_undead_f, serial_undead_e, serial_undead_b,
          serial_undead_a, serial_undead_d, serial_undead_a, serial_undead_b,
          nicolae_kikubaaqudgha_miasma_corner
Temple:   eino_temple_lava

Skill      XL: |  1  2  3  4  5  6  7  8  9 10 11 12 |
---------------+-------------------------------------+-----
Spellcasting   | 5 6 7 8 11 13 15 16 17 | 17.5
Fighting       | 1 2 4 |  4.5
Armour         | 1 3 4 6 |  6.0
Conjurations   | 2 3 4 6 7 8 10 | 10.4
Stealth        | 3 |  3.0
Dodging        | 3 |  3.0
Air Magic      | 1 2 |  2.1
Poison Magic   | 1 2 |  2.4
Transmutations | 1 |  1.0
Evocations     | 1 |  1.1
Necromancy     | 1 |  1.3
Earth Magic    | 1 4 5 |  5.0
Fire Magic     | 4 5 |  5.2
Summonings     | |  1.1
Translocations | |  1.1

Action                     |  1- 3 |  4- 6 |  7- 9 | 10-12 || total
---------------------------+-------+-------+-------+-------++-------
  Melee: Dagger            |     9 |    37 |   168 |       ||   214
         Punch             |       |       |     2 |       ||     2
   Fire: Sling             |       |       |    31 |   136 ||   167
   Cast: Magic Dart        |    90 |    72 |   212 |     7 ||   381
         Mephitic Cloud    |     1 |    11 |    38 |    19 ||    69
         Call Imp          |       |     1 |     7 |       ||     8
         Blink             |       |     1 |     1 |     1 ||     3
         Stone Arrow       |       |       |    11 |   102 ||   113
         Fireball          |       |       |       |    33 ||    33
         Foxfire           |       |       |       |     7 ||     7
         Starburst         |       |       |       |     8 ||     8
  Evoke: Wand              |       |       |     5 |       ||     5
    Use: Scroll            |       |       |       |    21 ||    21
   Stab: Confused          |       |     4 |    12 |       ||    16
         Paralysed         |       |       |     2 |       ||     2
 Armour: Robe              |    12 |    20 |     8 |       ||    40
         Leather armour    |       |       |   103 |    55 ||   158
  Dodge: Dodged            |    18 |    23 |   184 |    81 ||   306

Table legend: (Time is in decaauts)
 A = Elapsed time spent in this place.
 B = Non-inter-level travel time spent in this place.
 C = Inter-level travel time spent in this place.
 D = Time resting spent in this place.
 E = Time spent auto-exploring this place.
 F = Levels seen in this place.
 G = Mean time per level.
                   A        B        C        D        E       F      G
               +--------+--------+--------+--------+--------+-----+--------+
         Total |  13738 |  12858 |    880 |    187 |  10482 |  14 |  981.3 |
       Dungeon |  13708 |  12831 |    877 |    187 |  10482 |  13 | 1054.5 |
        Temple |     30 |     27 |      3 |      0 |      0 |   1 |   30.0 |
               +--------+--------+--------+--------+--------+-----+--------+

Top non-repeatable levels by time:
     D:8: 1716 daAuts
     D:2: 1563 daAuts
     D:5: 1454 daAuts
    D:12: 1354 daAuts
     D:7: 1213 daAuts
     D:3: 1119 daAuts
    D:10: 1075 daAuts
     D:1: 917 daAuts
     D:6: 901 daAuts
    D:11: 796 daAuts
     D:4: 749 daAuts
     D:9: 723 daAuts
    D:13: 124 daAuts
  Temple: 30 daAuts
